AoeStats
← DANG IT

Arena

509671886Analyzed
1v1 RM · 6d ago on Sep 27, 2026· 31m 47s· 2 players
Game mode
Random Map
Map size
Tiny (2 player)
Population
200
Speed
Normal
Resources
Standard
Victory
Conquest
Starting age
Dark Age
Ending age
Imperial Age
RankedLock teamsTeams togetherTeam positionsShared explorationLock speedFull tech treeHidden civsTurbo modeCheats
Victory
Defeat
🇵🇪 Chinese · Peru
1002
+17
🇺🇸 Spanish · United States
1017
-17
DANG IT
10:07 Feudal Age
11:19 Double-Bit Axe
11:16 Horse Collar
16:14 Castle Age
16:08 Loom
18:05 Bow Saw
28:05 Imperial Age
26:45 Fletching
26:55 Padded Archer Armor
27:00 Gold Mining
28:14 Wheelbarrow
27:26 Town Watch
28:25 Ballistics
31:15 Chemistry
30:38 Bodkin Arrow
30:59 Leather Archer Armor
30:39 Bodkin Arrow
30:59 Leather Archer Armor
Michael Jordan
9:21 Loom
11:06 Feudal Age
9:28 Loom
11:37 Feudal Age
14:37 Horse Collar
14:44 Double-Bit Axe
17:03 Castle Age
16:02 Wheelbarrow
15:23 Gold Mining
16:03 Stone Mining
19:10 Castle Age
17:55 Arson
19:48 Bloodlines
22:14 Elite Skirmisher
24:17 Inquisition
25:07 Bow Saw
26:38 Herbal Medicine
27:27 Stone Shaft Mining
27:21 Hand Cart
27:03 Town Watch
27:26 Heavy Plow
33:16 Imperial Age
Connection lost

Rejoining the realm…

Still unreachable

The connection could not be restored.

Session expired

The server has moved on; the page needs a fresh start.